 Dungeon Crawl Stone Soup version 0.31-a0-1338-gb567cfdca4 (webtiles) character file.

Game seed: 17592358103473143449

95 LeprechaunX the Changeling (level 4, -6/29 HPs)
             Began as an Octopode Shapeshifter on Dec 22, 2023.
             Killed by nerve-wracking pain
             ... invoked by an orc priest
              (10 damage)
             ... on level 3 of the Dungeon.
             The game lasted 00:02:08 (2209 turns).

LeprechaunX the Changeling (Octopode Shapeshifter)  Turns: 2209, Time: 00:02:09

Health: -6/29      AC:  1    Str: 13    XL:     4   Next: 66%
Magic:  4/4        EV: 13    Int: 12    God:
Gold:   140        SH:  0    Dex: 13    Spells: 3/3 levels left

rFire   . .          .
                       - Unarmed
rCold   . . .        (no shield)
rNeg    . . .        (helmet currently unavailable)
rPois   .            (no amulet)
rElec   .            (no ring)
rCorr   .            (no ring)
SInv    .            (no ring)
Will    .....        (no ring)
Stlth   ++           (no ring)
HPRegen 0.24/turn    (no ring)
MPRegen 0.09/turn    (no ring)
                     (no ring)

%: no passive effects
@: beast-form
A: beast (slay +2), almost no armour, amphibious, 8 rings, camouflage 1,
gelatinous body 1, (nimble swimmer 1), tentacles
a: Begin Untransformation


You were on level 3 of the Dungeon.
You were a hulking beast.
You visited 1 branch of the dungeon, and saw 3 of its levels.

You collected 140 gold pieces.

Inventory:

Hand Weapons
 a - a +0 sling
Missiles
 n - 3 curare-tipped darts
Talismans
 b - a beast talisman
 c - a flux talisman
Scrolls
 f - a scroll of noise {unknown}
 g - 2 scrolls of blinking {unknown}
 h - 2 scrolls of fog {unknown}
 i - 2 scrolls of amnesia {unknown}
 k - a scroll of enchant weapon {unknown}
 r - a scroll of identify {unknown}
Potions
 d - a potion of berserk rage {unknown}
 e - 2 potions of curing {unknown}
 j - a potion of magic {unknown}
 l - a potion of haste {unknown}
 m - 2 potions of lignification
 o - a potion of resistance {unknown}
 p - a potion of heal wounds {unknown}
 q - a potion of might {unknown}
 s - 2 potions of brilliance {unknown}
 t - a potion of enlightenment {unknown}


   Skills:
 + Level 2.0 Fighting
 + Level 1.1 Throwing
 - Level 2.0 Dodging
 + Level 3.6 Unarmed Combat
 * Level 4.0 Shapeshifting


You had 3 spell levels left.
You didn't know any spells.
Your spell library contained the following spells:

 Spells                   Type           Power      Damage    Failure   Level
 Iskenderun's Battlesphe  Conj           0%         2d6       100%        5
 Bombard                  Conj/Erth      0%         9d1       100%        6
 Spellforged Servitor     Conj/Summ      0%         N/A       100%        7


Dungeon Overview and Level Annotations

Branches:
Dungeon (3/15)

Altars:
Kikubaaqudgha
Trog

Shops:
D:2 (


Innate Abilities, Weirdness & Mutations

You are a hulking beast.
Your limbs bulge with bestial killing power. (Slay +2)
You cannot wear most types of armour.
You are amphibious.
You can wear up to eight rings at the same time.
Your skin changes colour to match your surroundings (Stealth+).
Your rubbery body absorbs attacks. (AC +1, EV +1)
((You are camouflaged when in or above water. (Stealth+)))
You have tentacles for arms and can constrict up to eight enemies at once.


Message History

Your Throwing skill increases to level 1!
The orc shouts!
You tentacle-slap the orc. Your grab misses the orc.
The orc is lightly wounded.
The orc hits you with a +0 falchion.
The orc priest calls upon Beogh to heal the orc.
The orc's wounds heal themselves!
You tentacle-slap the orc but do no damage.
Your grab misses the orc.
Unknown command.
You tentacle-slap the orc. You grab the orc.
The orc is lightly wounded.
You constrict the orc, but do no damage.
The orc hits you with a +0 falchion!
The orc priest casts a cantrip, but nothing happens.
The orc throws a boomerang.
The boomerang completely misses you.
Unknown command.
You tentacle-slap the orc. You squeeze the orc.
You kill the orc!
Unknown command.
Things that are here:
a +0 flail; an orc corpse You start resting.
There are monsters nearby!
The orc misses you.
You closely miss the orc. You grab the orc. You squeeze the orc.
The orc is almost dead.
You constrict the orc.
You kill the orc!
Your Shapeshifting skill increases to level 4!
You tentacle-slap the orc priest but do no damage.
Your grab misses the orc priest.
The orc priest invokes the aid of Beogh against you.
Beogh smites you!
* * * LOW HITPOINT WARNING * * *
You tentacle-slap the orc priest. Your grab misses the orc priest.
The orc priest is moderately wounded.
The orc priest calls down the wrath of Beogh upon you.
Pain shoots through your body!
You die...

.# #.# #...........###..........
.####.###..##>#......##.##.##.#.#
.##..............###.##.##.##.###
....#.####..###).###.##.......# #
......# ##.# #...##.#####.#### #
..##### #>###.#.##.# #...# # #.#
#.....#.##.# #...# # #.# #
#####......# #...# #.# ...
##h..######...##### #.#
.o...#######o#.##...........# ..#
.....oo.)....#..............[ ..#
.....####).#####............# ..#
... #....# .##.......### ..# #
#.##.# ##.#...#.# #.# ...
#.#...#.# #.# ### #.#...#.# #.#
#.......#


You could see an orc priest.

Vanquished Creatures
  An orc wizard (D:3)
  2 adders
  A worm (D:3)
  2 dart slugs
  3 orcs (D:3)
  8 ball pythons
  4 bats
  2 endoplasms
  A giant cockroach (D:2)
  5 goblins
  4 hobgoblins
  5 kobolds
  3 rats (D:1)
41 creatures vanquished.

Notes
Turn   | Place    | Note
-------+----------+-------------------------------------------
     0 | D:1      | LeprechaunX the Octopode Shapeshifter began the quest for
                  | the Orb.
     0 | D:1      | Reached XP level 1. HP: 13/13 MP: 1/1
   190 | D:1      | Reached XP level 2. HP: 16/18 MP: 2/2
  1196 | D:2      | Reached XP level 3. HP: 19/23 MP: 3/3
  1519 | D:2      | Found Foitzaty's Weapon Shop.
  1996 | D:3      | Found an ancient bone altar of Kikubaaqudgha.
  1997 | D:3      | Found a bloodstained altar of Trog.
  2065 | D:3      | Reached XP level 4. HP: 29/29 MP: 4/4
  2192 | D:3      | Reached skill level 1 in Throwing
  2208 | D:3      | Reached skill level 4 in Shapeshifting
  2209 | D:3      | Killed from afar by an orc priest

Illustrated notes

Levels and vault maps discovered:
D:1:      wheals_arrival_linesprint, layout_basic
D:2:      layout_loops_cross, serial_shops, shop, minmay_pentomino_z2
D:3:      layout_loops_cross, nicolae_overflow_squiral, uniq_grinder, uniq_ijyb

Skill      XL: |  1  2  3  4 |
---------------+-------------+-----
Fighting       | 2 |  2.0
Throwing       | 1 |  1.1
Shapeshifting  | 4 |  4.0
Dodging        | |  2.0
Unarmed Combat | |  3.6

Action                     |  1- 3 |  4- 6 || total
---------------------------+-------+-------++-------
  Melee: Unarmed           |    66 |    12 ||    78
         Constrict         |    18 |     4 ||    22
         Tentacles         |     6 |     6 ||    12
         Punch             |       |     1 ||     1
   Stab: Sleeping          |     7 |     1 ||     8
 Armour: Skin              |    24 |     4 ||    28
  Dodge: Dodged            |    30 |     4 ||    34

Table legend: (Time is in decaauts)
 A = Elapsed time spent in this place.
 B = Non-inter-level travel time spent in this place.
 C = Inter-level travel time spent in this place.
 D = Time resting spent in this place.
 E = Time spent auto-exploring this place.
 F = Levels seen in this place.
 G = Mean time per level.
                   A        B        C        D        E       F      G
               +--------+--------+--------+--------+--------+-----+--------+
         Total |   2203 |   2063 |    140 |      8 |   1779 |   3 |  734.3 |
       Dungeon |   2203 |   2063 |    140 |      8 |   1779 |   3 |  734.3 |
               +--------+--------+--------+--------+--------+-----+--------+

Top non-repeatable levels by time:
     D:1: 1053 daAuts
     D:2: 719 daAuts
     D:3: 430 daAuts
